 Dungeon Crawl Stone Soup version 0.24-a0-513-g284f782df5 (webtiles) character file.

Game seed: 10040939781550951556

18 Lavandula the Grasshopper (level 2, -2/13 HPs)
             Began as a Felid Warper on July 21, 2019.
             Slain by a hobgoblin
             ... wielding a +0 club
              (5 damage)
             ... on level 3 of the Dungeon.
             The game lasted 00:01:21 (978 turns).

Lavandula the Grasshopper (Felid Warper)             Turns: 978, Time: 00:01:22

Health: -2/13      AC:  1    Str:  7    XL:     2   Next: 51%
Magic:  4/6        EV: 18    Int: 14    God:
Gold:   66         SH:  0    Dex: 15    Spells: 1/5 levels left
                                        Lives:  0   Deaths: 0

rFire    . . .     SeeInvis +     - Unarmed
rCold    . . .     Gourm    .   (shield unavailable)
rNeg     . . .     Faith    .   (armour unavailable)
rPois    .         Spirit   .   (helmet unavailable)
rElec    .         Reflect  .   (cloak unavailable)
rCorr    .         Harm     .   (gloves unavailable)
MR       .....                  (boots unavailable)
Stlth    ++........             (no amulet)
HPRegen  0.04/turn              (no ring)
MPRegen  0.10/turn              (no ring)

@: shrouded, quick
A: very small, no armour, no weapons or thrown items, stealth, claws 1, fangs 3,
see invisible, carnivore, speed 1, shaggy fur 1, slow metabolism 1, sharp paws
a: no special abilities


You were on level 3 of the Dungeon.
You were very full.

You visited 1 branch of the dungeon, and saw 3 of its levels.

You collected 66 gold pieces.

Inventory:

Scrolls
 b - a scroll of blinking
 d - 2 scrolls of remove curse {unknown}
 e - 2 scrolls of identify {unknown}
 g - 2 scrolls of teleportation {unknown}
 i - a scroll of noise {unknown}
 k - a scroll of random uselessness {unknown}
Potions
 a - a potion of agility {unknown}
 f - a potion of invisibility {unknown}
 h - a potion of curing {unknown}
 j - a potion of mutation {unknown}
Comestibles
 c - 2 rations


   Skills:
 - Level 2.0 Fighting
 - Level 3.2 Dodging
 + Level 3.2 Unarmed Combat
 - Level 2.0 Spellcasting
 - Level 4.4 Translocations


You had one spell level left.
You knew the following spells:

 Your Spells              Type           Power        Failure   Level  Hunger
a - Blink                 Tloc           N/A          6%          2    ###....
b - Shroud of Golubria    Chrm/Tloc      #.....       14%         2    ###....

Your spell library contained the following spells:

 Spells                   Type           Power        Failure   Level  Hunger
 Gell's Gravitas          Tloc           ##........   12%         3    ####...
 Lesser Beckoning         Tloc           ##........   12%         3    ####...
 Teleport Other           Tloc           ##......     12%         3    ####...
 Passage of Golubria      Tloc           N/A          36%         4    #####..


Dungeon Overview and Level Annotations

Branches:
Dungeon (3/15)

Altars:


Innate Abilities, Weirdness & Mutations

You cannot wear armour.
You are incapable of wielding weapons or throwing items.
Your paws allow you to move quietly. (Stealth)
You have sharp claws.
You have razor-sharp teeth.
You have supernaturally acute eyesight. (SInv)
You are carnivorous and can eat meat at any time.
You cover ground quickly.
You are covered in fur. (AC +1)
You have a slow metabolism.
Your sharp claws are effective at attacking unaware monsters.


Message History

The big kobold throws a stone.
The stone misses you.
A hobgoblin comes into view.
You barely miss the hobgoblin. The hobgoblin misses you.
The big kobold throws a stone.
The stone barely misses you.
You scratch the hobgoblin.
The hobgoblin is lightly wounded.
You scratch the hobgoblin.
The hobgoblin is almost dead.
The big kobold throws a stone.
The stone closely misses you. The hobgoblin misses you.
You closely miss the hobgoblin.
The hobgoblin is almost dead.
Your shroud bends the hobgoblin's attack away.
You barely miss the hobgoblin.
The hobgoblin is almost dead.
The big kobold hits you with a +0 short sword!
Ouch! That really hurt!
* * * LOW HITPOINT WARNING * * *
The hobgoblin hits you with a +0 club.
You die...

... .##........# #g
..##.# #........# #.
.....# #...<....# #. .
..######........# #. .#
#.#.....###.######. .#.
#.......'...#..... .#.#
#.......#####.##.###!...#
#....###.(....#.K....##
#....# #......#.@g....#
#....# #.......(#...#.#
#....# #......###...#
###### ######## #.....
#..(### #.... ######


You could see a big kobold and a hobgoblin.

Vanquished Creatures
  A dart slug (D:2)
  2 bats
  A giant cockroach (D:1)
  2 goblins (D:1)
  2 hobgoblins
  3 kobolds (D:1)
  A quokka (D:2)
  A frilled lizard (D:1)
  3 rats
16 creatures vanquished.

Notes
Turn   | Place    | Note
-------+----------+-------------------------------------------
     0 | D:1      | Lavandula the Felid Warper began the quest for the Orb.
     0 | D:1      | Reached XP level 1. HP: 9/9 MP: 4/4
   233 | D:1      | Reached XP level 2. HP: 13/13 MP: 6/6
   628 | D:2      | Learned a level 2 spell: Blink
   631 | D:2      | Learned a level 2 spell: Shroud of Golubria
   968 | D:3      | Noticed a big kobold
   978 | D:3      | Slain by a hobgoblin

Levels and vault maps discovered:
D:1:      dpeg_arrival_yet_another_circle, layout_loops_ring
D:2:      layout_rooms
D:3:      layout_basic, first_ration

Skill      XL: |  1  2 |
---------------+-------+-----
Unarmed Combat | 3 |  3.2
Fighting       | |  2.0
Dodging        | |  3.2
Spellcasting   | |  2.0
Translocations | |  4.4

Action                   || total
-------------------------++-------
Melee: Unarmed           ||    56
       Bite              ||     3
       Punch             ||     1
 Cast: Shroud of Golubri ||     1
 Stab: Sleeping          ||     4
  Eat: Chunk             ||     5
Armor: Skin              ||     3
Dodge: Dodged            ||    42

Table legend:
 A = Non-vault XP
 B = Vault XP
 C = Vault XP percentage of total XP
 D = Non-vault monster count
 E = Vault monster count
 F = Vault count percentage of total count
                 A         B        C        D         E       F
            +---------+---------+-------+---------+---------+-------
      Total |      27 |       0 |   0.0 |      16 |       0 |   0.0
            +---------+---------+-------+---------+---------+-------
        D:1 |      15 |       0 |   0.0 |      10 |       0 |   0.0
        D:2 |      11 |       0 |   0.0 |       5 |       0 |   0.0
        D:3 |       1 |       0 |   0.0 |       1 |       0 |   0.0
            +---------+---------+-------+---------+---------+-------
